Map: Dusk Towers

Players

PsistmRapist

  • Race: Zerg Zerg
  • League: Diamond

Miszu - Winner!

  • Race: Terran Terran
  • League: Grandmaster

VOD

Have the link to the VOD?

Description

Time

  • Played on: May 23, 2016, 4:41 p.m.
  • Length: 12:37
Show
View Real Time Build Order
Export as new Build Order

PsistmRapist Zerg 

Build Orders: Hatch First 

Get SALT Encoding   

  12  0:01  Drone  
  13  0:16  Overlord  
  13  0:20  Drone  
  14  0:34  Drone  
  14  0:35  Drone  
  16  0:45  Drone  
  17  0:50  Drone  
  18  1:00  Hatchery  
  18  1:03  Drone  
  18  1:06  Extractor  
  17  1:13  Drone  
  17  1:17  Spawning Pool  
  17  1:22  Drone  
  18  1:32  Drone  
  19  1:44  Overlord  
  19  2:05  Zergling x4, Queen  
  23  2:11  Queen  
  23  2:12  Metabolic Boost  
  23  2:14  Drone  
  26  2:26  Drone  
  26  2:27  Drone x2  
  29  2:34  Drone  
  30  2:39  Drone  
  31  2:50  Pneumatized Carapace  
  31  2:51  Queen  
  33  2:52  Overlord  
  33  2:55  Drone x2  
  33  2:58  Drone  
  36  3:13  Drone x5  
  36  3:15  Overlord  
  41  3:22  Drone  
  41  3:23  Drone x2  
  44  3:33  Overlord  
  44  3:38  Hatchery  
  43  3:48  Baneling Nest  
  43  3:49  Drone  
  43  3:50  Drone x5  
  43  3:52  Drone  
  43  3:54  Drone  
  50  3:57  Extractor, Drone  
  50  4:03  Drone x3  
  50  4:08  Drone x2  
  55  4:12  Spore Crawler  
  55  4:15  Spore Crawler  
  53  4:17  Evolution Chamber  
  53  4:19  Evolution Chamber  
  53  4:24  Zergling x10  
  52  4:26  Zergling x2  
  52  4:27  Zergling x2  
  58  4:31  Drone  
  58  4:35  Overlord  
  58  4:36  Overlord  
  59  4:43  Zerg Melee Weapons Level 1  
  59  4:45  Zerg Ground Armor Level 1  
  59  4:51  Lair  
  59  4:54  Drone  
  59  4:55  Spore Crawler, Drone  
  59  4:57  Drone  
  58  5:08  Drone x5  
  58  5:09  Drone  
  58  5:11  Drone  
  65  5:16  Drone  
  65  5:18  Drone x3  
  69  5:23  Drone  
  69  5:24  Drone x2  
  72  5:29  Drone  
  72  5:30  Overlord  
  73  5:36  Zergling x6  
  73  5:42  Zergling x4  
  78  5:45  Hatchery  
  77  5:57  Queen x3  
  83  6:04  Extractor, Spire  
  83  6:09  Extractor  
  76  6:19  Drone  
  76  6:20  Drone x12  
  89  6:25  Extractor  
  89  6:26  Extractor  
  89  6:29  Centrifical Hooks, Drone x2  
  89  6:38  Overlord  
  89  6:39  Zerg Melee Weapons Level 2  
  89  6:46  Overlord x2  
  89  6:47  Overlord x3  
  89  6:49  Hatchery  
  89  6:52  Overlord  
  88  6:56  Zerg Ground Armor Level 2  
  88  7:00  Drone  
  88  7:01  Drone x2  
  91  7:08  Drone x3  
  91  7:09  Drone x5  
  91  7:11  Zergling x4  
  91  7:15  Zergling x6  
  104  7:16  Zergling x2  
  104  7:17  Zerg Flyer Weapons Level 1  
  104  7:20  Corruptor x2  
  104  7:22  Zergling x2  
  110  7:25  Spore Crawler  
  110  7:27  Queen  
  110  7:28  Zergling x2  
  112  7:30  Zergling x6  
  112  7:36  Zergling x4  
  117  7:38  Zergling x4  
  117  7:40  Zergling x2  
  117  7:41  Zergling x2, Overseer  
  122  7:44  Zergling x2  
  122  7:47  Baneling  
  122  7:48  Baneling x19  
  122  7:49  Zergling x2  
  123  7:52  Zergling x4  
  123  7:53  Zergling x4  
  123  7:55  Zergling x2  
  123  7:56  Baneling x5  
  123  7:57  Zergling x2  
  129  7:59  Zergling x2  
  129  8:02  Zergling x4  
  129  8:03  Zergling x2  
  133  8:05  Zergling x4  
  133  8:08  Zergling x4  
  137  8:13  Queen x2  
  137  8:14  Corruptor x2  
  137  8:17  Zergling x4  
  137  8:19  Zergling x2  
  148  8:21  Zergling x2  
  148  8:22  Overlord  
  148  8:23  Overlord  
  149  8:29  Overlord x2  
  149  8:36  Overlord  
  149  8:39  Corruptor  
  149  8:40  Corruptor x3  
  151  8:42  Corruptor  
  135  8:48  Corruptor  
  135  8:55  Corruptor  
  137  8:59  Corruptor  
  137  9:00  Zergling x14  
  140  9:06  Zergling x2  
  140  9:07  Zergling x18  
  140  9:08  Zergling x2  
  146  9:10  Zergling x4  
  146  9:13  Zergling x2  
  148  9:18  Drone x4  
  148  9:19  Drone  
  148  9:21  Zergling x4  
  148  9:23  Corruptor  
  157  9:25  Zergling x2  
  157  9:28  Zergling x2  
  159  9:34  Overseer  
  159  9:35  Zerg Flyer Weapons Level 2  
  159  9:36  Corruptor x2  
  159  9:37  Zergling x4  
  159  9:38  Zergling x2  
  166  9:40  Zergling x4  
  166  9:41  Baneling  
  166  9:42  Baneling x3  
  169  9:45  Zergling x4  
  169  9:46  Zergling x4  
  169  9:49  Zergling x4  
  174  9:53  Zergling x6  
  172  10:04  Zergling x2  
  172  10:05  Zergling x22  
  146  10:07  Zergling x4  
  146  10:08  Zergling x4  
  146  10:13  Baneling  
  135  10:14  Baneling x13  
  135  10:16  Baneling  
  135  10:17  Baneling x3  
  135  10:19  Zergling x4  
  135  10:20  Zergling x2  
  135  10:21  Zergling x4  
  140  10:22  Zergling x2  
  140  10:24  Zergling x2  
  131  10:30  Zergling x8  
  131  10:33  Zergling x4  
  113  10:36  Zergling x2  
  113  10:40  Zergling x6  
  113  10:42  Zergling x6  
  104  10:43  Zergling x4  
  104  10:45  Zergling x4  
  104  10:46  Zergling x2  
  104  10:47  Overseer  
  109  10:52  Baneling x10  
  109  10:53  Baneling x4  
  109  10:54  Corruptor x2  
  109  10:56  Zergling x4  
  115  10:57  Zergling x2  
  115  11:00  Zergling x6  
  115  11:01  Zergling x2  
  115  11:02  Zergling x2  
  121  11:05  Zergling x2  
  121  11:06  Zergling x2  
  121  11:09  Zergling x2  
  114  11:13  Zergling x2  
  114  11:15  Zergling x4  
  114  11:18  Zergling x4  
  119  11:20  Queen x2  
  119  11:22  Baneling x3  
  119  11:23  Baneling x12  
  119  11:24  Zergling x2, Baneling  
  124  11:26  Zergling x2  
  124  11:27  Zergling x4  
  124  11:31  Zergling x6  
  124  11:32  Zergling x2  
  131  11:38  Corruptor x2  
  135  11:40  Corruptor  
  135  11:43  Corruptor  
  135  11:46  Corruptor  
  141  11:49  Corruptor  
  141  11:53  Zergling x2  
  144  11:54  Zergling x8  
  144  11:55  Zergling x2  
  144  11:59  Zergling x8  
  144  12:00  Zergling x2  
  154  12:04  Zergling x4  
Show
View Real Time Build Order
Export as new Build Order

Miszu Terran - Winner!

Build Orders: Liberator Opening, Reaper Expand, MMM Bio 

Get SALT Encoding   

  12  0:03  SCV  
  13  0:15  SCV  
  13  0:19  Supply Depot  
  14  0:27  SCV  
  15  0:41  SCV  
  16  0:43  Barracks  
  16  0:46  Refinery  
  16  0:53  SCV  
  17  1:05  SCV  
  18  1:17  SCV  
  19  1:30  Orbital Command  
  19  1:31  Reaper  
  20  1:41  Command Center  
  20  1:49  Supply Depot  
  20  1:56  SCV  
  21  2:03  Marine  
  21  2:07  Factory  
  22  2:09  SCV  
  22  2:11  Refinery  
  23  2:22  SCV  
  24  2:26  Barracks Reactor  
  24  2:34  SCV  
  25  2:46  SCV  
  26  2:53  Orbital Command  
  26  2:54  Starport  
  26  2:58  SCV  
  27  3:06  Marine x2, Widow Mine  
  27  3:10  SCV  
  32  3:20  SCV  
  32  3:22  SCV  
  34  3:28  Marine x2  
  34  3:32  SCV  
  34  3:33  Medivac  
  39  3:34  SCV  
  39  3:45  SCV  
  40  3:49  Marine x2  
  40  3:50  SCV  
  40  3:54  Command Center  
  43  3:56  Liberator  
  43  4:02  SCV  
  44  4:03  Supply Depot  
  44  4:08  SCV  
  45  4:16  Barracks x2  
  48  4:18  SCV  
  48  4:21  Engineering Bay  
  48  4:22  Engineering Bay  
  48  4:23  SCV  
  50  4:25  Marine x2  
  50  4:26  Factory Tech Lab  
  50  4:30  SCV  
  53  4:32  Supply Depot  
  53  4:35  SCV  
  54  4:42  Refinery, SCV  
  54  4:43  Refinery  
  55  4:47  Siege Tank  
  58  4:53  Terran Infantry Weapons Level 1  
  58  4:54  Terran Infantry Armor Level 1  
  54  5:07  SCV  
  54  5:08  SCV  
  54  5:09  Orbital Command  
  53  5:15  Barracks Tech Lab x2  
  53  5:19  SCV  
  53  5:20  SCV  
  55  5:21  Marine  
  55  5:25  Marine  
  55  5:26  Starport Reactor  
  57  5:30  Orbital Command  
  57  5:31  SCV  
  57  5:32  Barracks  
  57  5:33  Barracks  
  58  5:37  Stimpack  
  58  5:39  Marine  
  59  5:44  Barracks  
  59  5:46  Barracks  
  59  5:47  Barracks, SCV  
  59  5:49  SCV  
  61  5:56  SCV  
  62  5:59  Supply Depot, SCV  
  62  6:01  SCV  
  66  6:04  Marauder  
  66  6:08  Marauder, SCV  
  66  6:11  SCV  
  70  6:13  SCV  
  71  6:19  Supply Depot  
  71  6:21  Marine x2  
  71  6:22  Barracks Tech Lab x2  
  71  6:25  Barracks Reactor x2  
  72  6:26  Marauder  
  72  6:29  Marauder, Armory  
  75  6:34  SCV x2  
  75  6:35  SCV  
  78  6:40  Barracks Reactor x2  
  78  6:42  Barracks Tech Lab  
  78  6:46  SCV x2  
  81  6:47  Marine, Marauder  
  81  6:48  Marine  
  81  6:51  Medivac, Marauder  
  87  6:54  Medivac  
  89  7:01  Supply Depot  
  89  7:03  Marine x5  
  89  7:05  Marine x2, Combat Shields  
  89  7:06  Supply Depot  
  98  7:08  Marauder  
  98  7:09  Concussive Shells  
  98  7:12  Marauder  
  100  7:16  Terran Infantry Armor Level 2, Terran Infantry Weapons Level 2  
  100  7:18  Marine  
  100  7:22  Marine x2  
  101  7:23  Marauder  
  101  7:25  Supply Depot  
  101  7:27  Marine  
  101  7:28  Marine x5  
  111  7:30  Supply Depot, Marine x2  
  111  7:33  Marine  
  111  7:35  Marine  
  111  7:36  Medivac  
  117  7:46  Marine  
  117  7:47  Marine x4, Marauder  
  117  7:48  Supply Depot  
  117  7:50  Marine  
  125  7:52  Marine x2, Marauder x2  
  125  7:55  Supply Depot, Marine  
  132  7:59  Factory Reactor  
  132  8:03  Marine  
  133  8:09  Marine x2  
  133  8:10  Marine x5  
  141  8:16  Marine x2, Medivac  
  141  8:17  Medivac  
  146  8:20  Supply Depot  
  146  8:21  Supply Depot  
  146  8:23  Command Center  
  146  8:29  Marine  
  146  8:30  Marine x3, Marauder  
  152  8:45  Marine  
  152  8:46  Medivac  
  148  8:49  Marine  
  148  8:51  Marine  
  148  8:52  Marine  
  148  8:53  Marine x8, Medivac, Marauder  
  158  9:08  Marine x2  
  158  9:09  Marine  
  143  9:10  Marine x6  
  143  9:11  Marine, Marauder  
  143  9:14  Marauder  
  154  9:23  SCV  
  154  9:24  SCV  
  156  9:25  Marine, Medivac x2  
  161  9:32  Supply Depot  
  161  9:34  Supply Depot  
  161  9:36  Marine, Marauder  
  161  9:37  Widow Mine  
  161  9:38  Widow Mine  
  168  9:41  Marine  
  168  9:42  Marine x3  
  172  9:48  Terran Infantry Weapons Level 3  
  170  9:55  Medivac x2  
  174  10:05  Marauder  
  174  10:06  Marine  
  174  10:07  Marine x11  
  135  10:24  Marine x4  
  135  10:25  Marine, Medivac x2, Marauder  
  134  10:40  Marine  
  134  10:41  Marine x3, Marauder  
  134  10:42  Marine x3, Marauder  
  115  10:47  Marine  
  115  10:48  Marine x3  
  120  10:55  Medivac  
  124  10:58  Marine  
  124  10:59  Marine x3  
  124  11:02  Marauder  
  124  11:03  Marauder  
  132  11:06  Marauder  
  132  11:09  Planetary Fortress  
  132  11:11  Marine x2  
  135  11:12  Marine  
  135  11:13  Command Center  
  135  11:16  Marine  
  135  11:17  Marine  
  137  11:21  Marine  
  137  11:22  Marine x2  
  137  11:23  Marauder  
  137  11:24  Medivac  
  137  11:25  Medivac, Marauder  
  146  11:28  Marauder  
  146  11:30  Marine x5  
  153  11:34  Marine  
  154  11:40  Marine x3  
  154  11:45  Marauder  
  154  11:46  Marauder  
  161  11:48  Marine x3  
  161  11:49  Marauder  
  161  11:51  Marine  
  161  11:52  Marine x3  
  161  11:54  Medivac  
  170  11:57  Marine  
  173  12:06  Marauder  
  173  12:08  Marauder  
  167  12:11  Marauder  
  143  12:18  Marine x8  
  143  12:19  Marine x2  
Tags
 
Add a new tag
Caveats
  • Supply blocks, unpowered buildings, or Contaminate may cause inaccurate times.
  • Supply counts are checked every 10 seconds.